 Seeded DCSS version 0.30.0-15-g856e2d3f33 (webtiles) character file.

Game seed: 12735965570273765983 (custom seed)

6 Pimp the Stinger (level 1, -2/13 HPs)
             Began as a Demonspawn Venom Mage on May 19, 2023.
             Slain by a jackal (3 damage)
             ... on level 1 of the Dungeon.
             The game lasted 00:00:54 (108 turns).

Pimp the Stinger (Demonspawn Venom Mage)             Turns: 108, Time: 00:00:56

Health: -2/13      AC:  2    Str:  8    XL:     1   Next: 75%
Magic:  1/3        EV: 12    Int: 16    God:
Gold:   11         SH:  0    Dex: 13    Spells: 3/4 levels left

rFire   . . .        (no weapon)
rCold   . . .        (no shield)
rNeg    . . .        a - +0 robe
rPois   .            (no helmet)
rElec   .            (no cloak)
rCorr   .            (no gloves)
SInv    .            (no boots)
Will    .....        (no amulet)
Stlth   ++           (no ring)
HPRegen 0.22/turn    (no ring)
MPRegen 0.08/turn

%: no passive effects
@: no status effects
A: no striking features
a: no special abilities


You were on level 1 of the Dungeon.
You visited 1 branch of the dungeon, and saw 1 of its levels.

You collected 11 gold pieces.

Inventory:

Missiles
 f - a poisoned dart (quivered)
Armour
 a - a +0 robe (worn)
Scrolls
 c - 2 scrolls of acquirement {unknown}
 d - a scroll of identify {unknown}
Potions
 e - a potion of degeneration {unknown}


   Skills:
 + Level 1.9 Dodging
 + Level 1.9 Stealth
 + Level 2.1 Spellcasting
 + Level 1.0 Transmutations
 + Level 3.0 Poison Magic


You had 3 spell levels left.
You knew the following spells:

 Your Spells              Type           Power      Damage    Failure   Level
a - Sting                 Tmut/Pois      32%        1d4       9%          1

Your spell library contained the following spells:

 Spells                   Type           Power      Damage    Failure   Level
 Poisonous Vapours        Pois/Air       12%        N/A       17%         2
 Mephitic Cloud           Conj/Pois/Air  4%         N/A       38%         3
 Olgreb's Toxic Radiance  Pois           11%        N/A       50%         4


Dungeon Overview and Level Annotations

Branches:
Dungeon (1/15)

Altars:


Message History

The frilled lizard attacks as you move away!
The frilled lizard barely misses you.
Throw: 4 darts (poison)
Press: ? - help, Q - select action, (/) - cycle Shift-Dir - straight line, f - frilled lizard
Aim: a frilled lizard (35% to hit)
You throw a poisoned dart.
The poisoned dart completely misses the frilled lizard.
The frilled lizard barely misses you.
Throw: 3 darts (poison)
Press: ? - help, Q - select action, (/) - cycle Shift-Dir - straight line, f/p - frilled lizard
Aim: a frilled lizard (35% to hit)
You throw a poisoned dart.
The poisoned dart hits the frilled lizard.
The frilled lizard bites you.
* * * LOW HITPOINT WARNING * * *
Magic courses through your body.
The frilled lizard bites you but does no damage.
You are too injured to fight recklessly!
Throw: 2 darts (poison)
Press: ? - help, Q - select action, (/) - cycle Shift-Dir - straight line, f/p - frilled lizard
Aim: a frilled lizard (35% to hit)
You throw a poisoned dart.
The poisoned dart hits the frilled lizard.
The frilled lizard bites you but does no damage.
Casting: Sting (safe; 9% risk of failure)
Confirm with . or Enter, or press ? or * to list all spells.
Aiming: Sting (safe; 9% risk of failure)
Press: ? - help, Shift-Dir - straight line, f/p - frilled lizard
Aim: a frilled lizard (48% to hit)
The sting hits the frilled lizard.
The frilled lizard is poisoned.
You kill the frilled lizard!
Casting: Sting (safe; 9% risk of failure)
Confirm with . or Enter, or press ? or * to list all spells.
Aiming: Sting (safe; 9% risk of failure)
Press: ? - help, Shift-Dir - straight line, f - jackal
Aim: a jackal (60% to hit)
The sting hits the jackal.
The jackal is poisoned.
The jackal is heavily wounded.
The jackal bites you.
You die...

#.#...l.......#
#..####.#$##.#
.#####.####.# ..
#........##.# #.#
#..#.##.#.##.####.# #
#..#.##......#
..#......###### ....
#.##.#†###### h..#
......#(.h@..# ...#
#############.# ...#
#.# ...#
#h#######...####
#h##h...........
####l..............
#..................
##.#......####...####
#.###..#..# ...#


You could see a jackal (poisoned).

Vanquished Creatures
  4 jackals (D:1)
  A frilled lizard (D:1)
5 creatures vanquished.

Notes
Turn   | Place    | Note
-------+----------+-------------------------------------------
     0 | D:1      | Pimp the Demonspawn Venom Mage began the quest for the Orb.
     0 | D:1      | Reached XP level 1. HP: 13/13 MP: 3/3
    63 | D:1      | Reached skill level 1 in Transmutations
   108 | D:1      | Slain by a jackal

Illustrated notes

Levels and vault maps discovered:
D:1:      dpeg_arrival_long_road, layout_loops_cross, hex_tiny

Skill      XL: |  1 |
---------------+----+-----
Transmutations | 1 |  1.0
Dodging        | |  1.9
Stealth        | |  1.9
Spellcasting   | |  2.1
Poison Magic   | |  3.0

Action                     || total
---------------------------++-------
  Melee: Unarmed           ||    11
  Throw: Dart              ||     4
   Cast: Sting             ||     9
    Use: Potion            ||     1
 Armour: Robe              ||     9
  Dodge: Dodged            ||    43
